 Dungeon Crawl Stone Soup version 0.26.0-10-g1f06aea511 (webtiles) character file.

Game seed: 3146725708403262431

49 Borgoz the Ducker (level 3, -7/31 HPs)
             Began as a Ghoul Gladiator on Jan 14, 2021.
             Mangled by a worm (9 damage)
             ... on level 2 of the Dungeon.
             The game lasted 00:01:15 (1307 turns).

Borgoz the Ducker (Ghoul Gladiator)                 Turns: 1307, Time: 00:01:15

Health: -7/31      AC:  4    Str: 17    XL:     3   Next: 77%
Magic:  2/2        EV: 12    Int:  3    God:
Gold:   61         SH:  0    Dex: 11    Spells: 2/2 levels left

rFire    . . .     SeeInvis .   a - +0 long sword
rCold    + . .     Faith    .   (no shield)
rNeg     + + +     Spirit   .   b - +0 leather armour
rPois    ∞         Reflect  .   c - +0 helmet
rElec    .         Harm     .   (no cloak)
rCorr    .         Rampage  .   (no gloves)
Will     .....                  (no boots)
Stlth    +.........             (no amulet)
HPRegen  0.00/turn              (no ring)
MPRegen  0.08/turn              (no ring)

@: no status effects
A: claws 1, cold resistance 1, negative energy resistance 3, inhibited
regeneration, torment resistance, unbreathing
a: no special abilities


You were on level 2 of the Dungeon.
You visited 1 branch of the dungeon, and saw 2 of its levels.

You collected 61 gold pieces.

Inventory:

Hand Weapons
 a - a +0 long sword (weapon)
Missiles
 d - 3 throwing nets (quivered)
Armour
 b - a +0 leather armour (worn)
 c - a +0 helmet (worn)
Scrolls
 e - a scroll of fear {unknown}
 f - 4 scrolls of remove curse {unknown}
 g - a scroll of enchant armour {unknown}
 i - a scroll of identify {unknown}
 k - 3 scrolls of teleportation {unknown}
Potions
 h - a potion of heal wounds {unknown}
 j - a potion of magic {unknown}
 l - a potion of lignification


   Skills:
 + Level 3.1 Fighting
 + Level 3.2 Long Blades
 - Level 1.7 Throwing
 + Level 3.2 Dodging


You had 2 spell levels left.
You didn't know any spells.
Your spell library was empty.

Dungeon Overview and Level Annotations

Branches:
Dungeon (2/15)

Altars:


Innate Abilities, Weirdness & Mutations

You thrive by killing the living.
You are immune to poison.
You have sharp fingernails.
Your flesh is cold resistant. (rC+)
You are immune to negative energy. (rN+++)
You do not regenerate when monsters are visible.
You are immune to unholy pain and torment.
You can survive without breathing.


Message History

You are too injured to fight recklessly!
You are too injured to fight recklessly!
You are too injured to fight recklessly!
You are too injured to fight recklessly!
You are too injured to fight recklessly!
You are too injured to fight recklessly!
There are monsters nearby!
You hit the goblin but do no damage. The goblin hits you but does no damage.
You hit the worm.
The worm is severely wounded.
The worm bites you. The goblin hits you but does no damage.
You hit the worm.
The worm is almost dead.
The goblin hits you with a +0 club.
* * * LOW HITPOINT WARNING * * *
The worm bites you.
* * * LOW HITPOINT WARNING * * *
It was a potion of lignification.
You feel woody for a moment. The goblin misses you. The worm bites you!
You die...

### ..# #.#
###w######
#..@.....#
######..g.....#
##....#........#
#.....#....#####
##.....#.##.#
###......#.# .#
##.†.##.....# .#
####..##########
.#
.....##8##8##8##
.#


You could see a worm and a goblin.

Vanquished Creatures
  4 dart slugs
  A leopard gecko (D:2)
  3 giant cockroaches (D:2)
  11 goblins
  4 hobgoblins (D:1)
  5 bats (D:1)
  2 frilled lizards
  3 kobolds (D:1)
  5 rats
38 creatures vanquished.

Notes
Turn   | Place    | Note
-------+----------+-------------------------------------------
     0 | D:1      | Borgoz the Ghoul Gladiator began the quest for the Orb.
     0 | D:1      | Reached XP level 1. HP: 17/17 MP: 0/0
    50 | D:1      | Reached XP level 2. HP: 5/25 MP: 1/1
   448 | D:1      | Reached XP level 3. HP: 23/30 MP: 2/2
  1307 | D:2      | Mangled by a worm

Illustrated notes

Levels and vault maps discovered:
D:1:      saegor_arrival_simple_c, layout_rooms, minmay_hexomino_p4
D:2:      wander_river, layout_rooms, old_standard_altar,
          amcnicky_mini_corridor_feature

Skill      XL: |  1  2  3 |
---------------+----------+-----
Dodging        | 3 |  3.2
Long Blades    | 3 |  3.2
Fighting       | 3 |  3.1
Throwing       | |  1.7

Action                   || total
-------------------------++-------
Melee: Long sword        ||   134
  Use: Potion            ||     1
Armor: Leather armour    ||    61
Dodge: Dodged            ||   130
       Rpst.: Long sword ||    36
